 Dungeon Crawl Stone Soup version 0.24-a0-205-g1d96822 (webtiles) character file.

Game seed: 18153040877967361200

144 Xorb the Charmwright (level 5, 0/39 HPs)
             Began as a Demonspawn Skald on Mar 29, 2019.
             Slain by a jackal (1 damage)
             ... on level 4 of the Dungeon.
             The game lasted 00:08:39 (4332 turns).

Xorb the Charmwright (Demonspawn Skald)             Turns: 4332, Time: 00:08:40

Health: 0/39       AC:  5    Str: 12    XL:     5   Next: 5%
Magic:  7/8        EV: 11    Int: 14    God:
Gold:   143        SH:  0    Dex: 13    Spells: 2/8 levels left

rFire    . . .     SeeInvis .   s - +0 trident
rCold    . . .     Gourm    .   (no shield)
rNeg     . . .     Faith    .   n - +0 ring mail
rPois    .         Spirit   .   (no helmet)
rElec    .         Reflect  .   r - scarf {cloud immunity}
rCorr    .         Harm     .   (no gloves)
MR       .....                  (no boots)
Stlth    +.........             (no amulet)
HPRegen  0.13/turn              (no ring)
MPRegen  0.11/turn              (no ring)

@: very slightly contaminated
A: rot immunity
a: no special abilities


You were on level 4 of the Dungeon.
You were very hungry.

You visited 1 branch of the dungeon, and saw 4 of its levels.

You collected 143 gold pieces.

Inventory:

Hand Weapons
 a - a +0 spear
 s - a +0 trident (weapon)
Armour
 b - a +0 leather armour
 m - a +0 scale mail
 n - a +0 ring mail (worn)
 r - a scarf of cloud immunity (worn)
Scrolls
 c - 3 scrolls of identify {unknown}
 d - a scroll of noise {unknown}
 e - a scroll of magic mapping {unknown}
 i - 2 scrolls of enchant armour {unknown}
 j - 2 scrolls of immolation {unknown}
 l - 2 scrolls of remove curse {unknown}
Potions
 f - a potion of lignification {unknown}
 g - 3 potions of haste {unknown}
 h - 2 potions of curing {unknown}
 k - a potion of heal wounds {unknown}
 p - a potion of resistance {unknown}
 q - a potion of agility {unknown}
Comestibles
 o - 4 rations


   Skills:
 + Level 2.4 Fighting
 + Level 3.2 Polearms
 + Level 2.2 Armour
 - Level 1.7 Dodging
 - Level 2.4 Spellcasting
 - Level 3.2 Charms


You had 2 spell levels left.
You knew the following spells:

 Your Spells              Type           Power        Failure   Level  Hunger
a - Infusion              Chrm           ##..         13%         1    #......
b - Song of Slaying       Chrm           ##......     21%         2    ###....
c - Regeneration          Chrm/Necr      #.........   58%         3    ###....

Your spell library contained the following spells:

 Spells                   Type           Power        Failure   Level  Hunger
 Shroud of Golubria       Chrm/Tloc      #.........   36%         2    ###....
 Spectral Weapon          Hex/Chrm       #.......     61%         3    ###....


Dungeon Overview and Level Annotations

Branches:
Dungeon (4/15)
 Temple: D:4-7

Altars:


Innate Abilities, Weirdness & Mutations

You are immune to rotting.


Message History

Nothing appears to happen.
The jackal barely misses you. The orc misses you. The jackal bites you.
* * * LOW HITPOINT WARNING * * *
The orc closely misses you.
You barely miss the jackal. The jackal closely misses you.
The jackal misses you. The orc completely misses you.
The orc hits you but does no damage.
The jackal bites you but does no damage.
The phantom blinks!
The jackal bites you but does no damage.
The orc priest looks satisfied for a moment.
The orc hits you but does no damage.
You completely miss the jackal. The jackal barely misses you. x2
The orc barely misses you. The orc hits you.
* * * LOW HITPOINT WARNING * * *
The jackal barely misses you.
The jackal bites you but does no damage.
Unknown command.
You barely miss the jackal. The jackal bites you.
You die...

.. ... #.
..### #.
+#.... ##.
....## ..
..... . # #.
o.. ...
#..#<##o#...#.
#....h@h..[..#
#.##.##o##..#.
#% ## .) ...
####


You could see an orc priest, 2 orcs and 2 jackals.

Vanquished Creatures
  A gnoll (D:1)
  4 adders
  6 dart slugs
  3 worms
  2 leopard geckos
  2 orcs (D:3)
  4 giant cockroaches
  7 goblins
  11 hobgoblins
  4 jackals
  5 kobolds
  A quokka (D:3)
  10 bats
  3 frilled lizards
  11 rats
74 creatures vanquished.

Notes
Turn   | Place    | Note
-------+----------+-------------------------------------------
     0 | D:1      | Xorb the Demonspawn Skald began the quest for the Orb.
     0 | D:1      | Reached XP level 1. HP: 16/16 MP: 3/3
   171 | D:1      | Gained mutation: You are immune to rotting. [demonic
                  | ancestry]
   171 | D:1      | Reached XP level 2. HP: 18/22 MP: 5/5
   222 | D:1      | Learned a level 2 spell: Song of Slaying
   438 | D:1      | Reached skill level 1 in Armour
   448 | D:1      | Reached XP level 3. HP: 7/27 MP: 3/6
   681 | D:1      | Learned a level 3 spell: Regeneration
  2457 | D:2      | Reached XP level 4. HP: 22/33 MP: 7/7
  3937 | D:3      | Reached XP level 5. HP: 21/39 MP: 3/8
  4319 | D:4      | Noticed a phantom
  4331 | D:4      | HP: 1/39 [orc (4)]
  4332 | D:4      | Slain by a jackal

Levels and vault maps discovered:
D:1:      onia_arrival_handbag, layout_basic, ebering_dispersal_statue_hall,
          serial_bayou_pond_d, serial_park_tiny_2,
          chequers_serial_rivers_micro_c
D:2:      wander_river, layout_basic, solitary_fountain,
          minmay_misc_feat_plants, hangedman_decor_push
D:3:      layout_rooms, minmay_unequal
D:4:      layout_loops_ring, first_ration, serial_shops, shop, shop_coins,
          kennysheep_mini_moat, nicolae_ossuary_entry_catacombs,
          lemuel_statue_altar, uniq_pikel

Skill      XL: |  1  2  3  4 |
---------------+-------------+-----
Charms         | 3 |  3.2
Polearms       | 2 3 |  3.2
Armour         | 1 2 |  2.2
Fighting       | |  2.4
Dodging        | |  1.7
Spellcasting   | |  2.4

Action                   |  1- 3 |  4- 6 || total
-------------------------+-------+-------++-------
Melee: Spear             |   169 |   137 ||   306
       Trident           |       |    16 ||    16
 Cast: Song of Slaying   |     6 |     1 ||     7
       Infusion          |       |     4 ||     4
  Eat: Chunk             |     2 |     5 ||     7
       Ration            |     1 |       ||     1
Armor: Leather armour    |    12 |       ||    12
       Scale mail        |    28 |    13 ||    41
       Ring mail         |       |    32 ||    32
Dodge: Dodged            |    81 |   103 ||   184

Table legend:
 A = Non-vault XP
 B = Vault XP
 C = Vault XP percentage of total XP
 D = Non-vault monster count
 E = Vault monster count
 F = Vault count percentage of total count
                 A         B        C        D         E       F
            +---------+---------+-------+---------+---------+-------
      Total |     197 |       9 |   4.4 |      68 |       6 |   8.1
            +---------+---------+-------+---------+---------+-------
        D:1 |      68 |       4 |   5.6 |      27 |       4 |  12.9
        D:2 |      48 |       0 |   0.0 |      20 |       0 |   0.0
        D:3 |      81 |       5 |   5.8 |      21 |       2 |   8.7
            +---------+---------+-------+---------+---------+-------
